 Dungeon Crawl Stone Soup version 0.18-a0-1655-ge2d8d33 (webtiles) character file.

245684 ShittyPlayer the Executioner (level 19, -4/152 HPs)
             Began as a Demonspawn Berserker on Mar 30, 2016.
             Was the Champion of Trog.
             Shot with an arrow by a deep elf master archer (5 damage)
             ... on level 3 of the Elven Halls.
             The game lasted 01:37:48 (29664 turns).

ShittyPlayer the Executioner (DsBe)                Turns: 29664, Time: 01:37:48

Health: -4/152     AC: 28    Str: 32      XL:     19   Next: 18%
Magic:  19/19      EV: 13    Int:  8 (10) God:    Trog [******]
Gold:   3141       SH:  0    Dex: 19      Spells: 0 memorised, 18 levels left

rFire  + . .     SeeInvis .     F - +9 executioner's axe (flame)
rCold  + . .     Gourm    .     Y - +3 plate armour {rF+}
rNeg   . . .     Faith    .     (shield currently unavailable)
rPois  +         Spirit   .     (helmet unavailable)
rElec  +         Dismiss  .     P - +2 cloak
rCorr  .         Reflect  .     R - +0 pair of gloves of Luekenni {rElec rPois Regen+ Str+4}
SustAt .         Harm     .     h - +2 pair of boots {run}
MR     ++...                    z - amulet of regeneration
Stlth  ..........               w - ring of protection from magic
                                W - ring of protection from cold

@: mighty, agile, heavily drained, quick, very resistant to hostile
enchantments, extremely unstealthy
A: hooves 1, horns 3, yellow scales 2, deterioration 1, foul stench 1, sense
surroundings 1, powered by pain 3, rot immunity
a: Berserk, Trog's Hand, Brothers in Arms, Burn Spellbooks, Renounce Religion
}: 1/15 runes: gossamer


You were on level 3 of the Elven Halls.
You worshipped Trog.
Trog was exalted by your worship.
You were hungry.

You visited 5 branches of the dungeon, and saw 32 of its levels.
You also visited: Bailey and Ice Cave.

You collected 4008 gold pieces.
You spent 867 gold pieces at shops.

Inventory:

Hand Weapons
 f - a +2 antimagic executioner's axe
 F - a +9 executioner's axe of flaming (weapon)
Missiles
 g - 18 javelins (quivered)
 M - 7 javelins of penetration
Armour
 h - a +2 pair of boots of running (worn)
 P - a +2 cloak (worn)
 R - the +0 pair of gloves of Luekenni (worn) {rElec rPois Regen+ Str+4}
   (You bought it in a shop on level 8 of the Dungeon)

   It affects your strength (+4).
   It insulates you from electricity.
   It protects you from poison.
   It increases your rate of regeneration.
 Y - a +3 plate armour of fire resistance (worn)
Rods
 c - a +0 rod of inaccuracy (11/11)
   (You found it on level 2 of the Lair of Beasts)
Jewellery
 r - an uncursed ring of ice
 u - an uncursed ring of positive energy
 w - a ring of protection from magic (right hand)
 z - an amulet of regeneration (around neck)
 W - a ring of protection from cold (left hand)
Wands
 Q - a wand of digging (13/24)
 U - a wand of iceblast (3/15)
 Z - a wand of iceblast (9/15)
Scrolls
 n - a scroll of fear
 o - 10 scrolls of magic mapping
 p - 12 scrolls of teleportation
 s - 7 scrolls of enchant weapon
 t - 23 scrolls of identify
 v - 4 scrolls of fog
 x - 9 scrolls of recharging
 D - 5 scrolls of enchant armour
 J - a scroll of blinking
 O - 11 scrolls of remove curse
Potions
 a - a potion of flight
 b - 4 potions of resistance
 e - 7 potions of brilliance
 i - 2 potions of haste
 j - 9 potions of curing
 k - 3 potions of might
 l - 7 potions of heal wounds
 B - 5 potions of cure mutation
 G - 5 potions of magic
 H - 4 potions of invisibility
 N - 3 potions of agility
 T - 5 potions of ambrosia
Books
 m - a book of Dreams

   Spells                             Type                      Level
   a - Ensorcelled Hibernation        Hexes/Ice                    2
   b - Silence                        Hexes/Air                    5
   c - Darkness                       Hexes                        6
   d - Shadow Creatures               Summoning                    6
   Trog disapproves of the use of such an item.
 q - a book of Fire

   Spells                             Type                      Level
   a - Ignite Poison                  Fire/Transmutation/Poison    3
   b - Fireball                       Conjuration/Fire             5
   c - Bolt of Fire                   Conjuration/Fire             6
   d - Delayed Fireball               Conjuration/Fire             7
   e - Ring of Flames                 Charms/Fire                  7
   Trog disapproves of the use of such an item.
Comestibles
 d - 5 beef jerkies
 A - 34 fruits
 E - 11 meat rations
 I - 5 royal jellies
 L - 3 slices of pizza


   Skills:
 + Level 14.0(10.7) Fighting
 * Level 23.8(19.7) Axes
 + Level 12.8(9.5) Armour
 - Level 1.7(0.0) Dodging


You had 18 spell levels left.
You didn't know any spells.

Dungeon Overview and Level Annotations

Branches:
Dungeon (15/15)            Temple (0/1) D:4            Lair (8/8) D:10
 Shoals (0/4) Lair:5       Spider (4/4) Lair:6        Slime (0/6) Lair:8
    Orc (2/2) D:12            Elf (3/3) Orc:2        Vaults (0/5) D:13
 Depths (0/5) D:15

Altars:
Ashenzari
Cheibriados
Dithmenos
Elyvilon
Fedhas
Kikubaaqudgha
Makhleb
Nemelex Xobeh
Okawaru
Pakellas
Ru
Trog
Vehumet
Xom
The Shining One
Beogh
Jiyva

Shops:
D:4 [   D:8 [   Orc:2 =[=(*   Elf:2 !

Portals:
Trove: Elf:2 (give +2 ice dragon armour)

Annotations:
D:15 exclusion: Roxanne, Roxanne
Lair:1 exclusion: 2 oklob plants
Elf:2 1 runed door
Elf:3 2 exclusions


Innate Abilities, Weirdness & Mutations

You have a pair of large horns on your head.
You are mostly covered in yellow scales (AC +3).
You may emit foul miasma when damaged in melee.
You are powered by pain.
You are immune to rotting.
You have large cloven feet.
Your body sometimes deteriorates upon taking damage.
You passively map a small area around you.


Message History

The deep elf master archer shoots an arrow.
The arrow hits you!
* * * LOW HITPOINT WARNING * * *
The deep elf master archer shoots an arrow.
The arrow hits you!!
* * * LOW HITPOINT WARNING * * *
Drink which item? (? for menu, Esc to quit)
You feel much better.
The deep elf master archer shoots an arrow.
The arrow hits you!
* * * LOW HITPOINT WARNING * * *
Your stone giant goes berserk!
You feel somewhat more hungry.
You are feeling hungry.
The deep elf master archer shoots an arrow.
The arrow hits you!!
* * * LOW HITPOINT WARNING * * *
The deep elf master archer shoots an arrow.
The arrow hits you.
You die...

#.#..............##.#.##.......##
#.#....)....#..##....####.....###
.#####...#(###[##.....#########**
######..e##)##.#./.....#* *,,,*
.......ee....(..........#****,,,*
.#........e..)[......)....,,,,,,,
''############(.###.#####.*******
+'# ##C(##*## *** Y'# *#.)#@##
''# *#.#(##e## +'# *#.##.###.##
**# +'# *#.#*#.# ##.#####.# +'#*
*#.#* #.# ##(.....# ++,****#.#*
##(####.###.### *
++*,*,#.#####).ยง##...#.#### *
++,,,,.........()(........# **
,,,,,,...#####)###...#####* **,


You could see a deep elf master archer and a friendly stone giant (berserk).

Vanquished Creatures
  Norris (Elf:2)
  Nikola (Spider:3)
  Arachne (Spider:2)
  A deep elf blademaster (Elf:2)
  Maud (D:12)
  3 ghost moths (Spider:4)
  Donald (Elf:2)
  An orc warlord (Orc:2)
  6 emperor scorpions (Spider:4)
  A deep elf demonologist (Elf:2)
  2 spark wasps
  4 deep elf death magi
  2 blizzard demons (IceCv)
  2 fire dragons (D:15)
  3 deep elf high priests (Elf:3)
  Josephine (Lair:5)
  Fannar (Lair:1)
  5 hydras
  An ice dragon (Lair:8)
  3 centaur warriors
  2 catoblepae
  2 entropy weavers
  Erolcha (D:12)
  25 dancing weapons
  3 orc high priests
  7 death yaks
  Urug (D:15)
  16 deep elf knights
  Nergalle (Orc:1)
  5 skeletal warriors (D:13)
  An unseen horror (D:13)
  6 hill giants
  16 deep elf archers
  8 orc knights
  A necromancer (Elf:1)
  A lindwurm (Lair:8)
  A wizard (D:14)
  14 orb spiders
  6 orc sorcerers
  A shining eye (shapeshifter) (D:13)
  37 deep elf magi
  A moth of wrath (Spider:2)
  A manticore (D:14)
  28 wolf spiders
  4 hornets
  8 elephants
  8 ugly things
  2 sirens (Lair:5)
  11 black mambas
  A guardian serpent (Lair:8)
  An ice statue (IceCv)
  2 gargoyles
  12 spiny frogs
  9 torpor snails
  4 kobold demonologists
  2 rime drakes
  7 ice devils (IceCv)
  A small abomination (Elf:3)
  12 komodo dragons
  2 freezing wraiths (IceCv)
  6 demonic crawlers
  8 anaconda simulacra (IceCv)
  A tengu conjurer (D:15)
  A golden dragon simulacrum (IceCv)
  32 jumping spiders
  2 two-headed ogres (D:13)
  7 trolls
  8 blink frogs
  3 polar bears
  A wolf spider simulacrum (IceCv)
  2 merfolk (Lair:5)
  3 giant leeches (Lair:8)
  A blink frog (shapeshifter) (D:14)
  2 boulder beetles
  2 slime creatures (D:14)
  8 large abominations
  73 redbacks
  A shadow (D:7)
  8 wraiths
  6 centaur simulacra
  28 tarantellas
  5 air elementals
  A vampire (D:14)
  12 wyverns
  41 yaks
  10 hippogriffs
  2 dire elephant simulacra (IceCv)
  3 basilisks
  A water elemental (Elf:2)
  14 vampire mosquitoes
  A death yak simulacrum (IceCv)
  10 fire elementals
  2 hungry ghosts
  A hippogriff (shapeshifter) (D:13)
  A warg (Orc:2)
  2 iron troll simulacra (IceCv)
  A mottled dragon (D:15)
  5 harpy simulacra (IceCv)
  2 soldier ants
  27 water moccasins
  9 porcupines
  A hydra simulacrum (IceCv)
  A hell hound (Elf:2)
  7 ice beasts
  46 orc warriors
  8 wasps
  3 black bears
  5 sky beasts
  3 phantoms
  13 ogres
  15 wolves
  17 centaurs
  15 crocodiles
  9 big kobolds
  Blork the orc (Orc:2)
  19 giant frogs
  4 earth elementals
  2 wyvern skeletons
  6 scorpions
  10 howler monkeys
  8 wights
  4 electric eels
  2 centaur zombies
  2 crimson imps
  2 draconian simulacra (IceCv)
  3 quasits
  A giant frog zombie (D:13)
  5 hounds
  A gnoll shaman (Orc:2)
  3 centaur skeletons
  9 jellies
  30 orc wizards
  25 orc priests
  6 iguanas
  19 worker ants
  Natasha (thrice) (D:3 D:6)
  2 spriggan simulacra (IceCv)
  3 troll simulacra (IceCv)
  A wolf simulacrum (IceCv)
  25 sheep
  A wasp simulacrum (D:13)
  A hound skeleton (D:5)
  A howler monkey zombie (D:11)
  2 worker ant zombies
  18 adders
  12 gnolls
  A howler monkey skeleton (D:8)
  A naga simulacrum (IceCv)
  2 ogre simulacra (IceCv)
  58 river rats
  2 shadow imps (D:9)
  7 white imps
  7 ufetubi
  An ooze (D:7)
  2 adder zombies
  5 adder skeletons
  24 worms
  A ball lightning (Lair:2)
  5 dart slugs
  4 giant geckos
  112 orcs
  7 bats
  10 giant cockroaches
  10 hobgoblins
  3 jackals (D:1)
  47 kobolds
  5 quokkas
  A ball python (D:1)
  A giant gecko zombie (D:6)
  6 giant newts
  19 goblins
  2 quokka skeletons (D:4)
  7 rats
  A crawling corpse (Elf:3)
  5 fungi
  19 plants
1414 creatures vanquished.

Vanquished Creatures (collateral kills)
  A ghost moth (Spider:4)
  2 deep elf sorcerers (Elf:3)
  Azrael (Elf:2)
  2 deep elf death magi (Elf:3)
  The ghost of ololoev the Destroyer, a journeyman FeAE of Vehumet (Lair:2)
  2 dancing weapons (Elf:3)
  An orc high priest (Orc:2)
  A deep elf mage (Elf:2)
  2 orb spiders (Spider:4)
  3 fire elementals (Elf:2)
  An orc warrior (Orc:2)
  An orc priest (Orc:2)
  An orc (Orc:2)
19 creatures vanquished.

Vanquished Creatures (others)
  A ghost moth (Spider:4)
  A deep elf high priest (Elf:3)
  A dancing weapon (Elf:2)
  2 deep elf knights (Elf:2)
  A deep elf mage (Elf:2)
  A yak (shapeshifter) (D:13)
  A vampire mosquito (D:14)
  An ogre (D:14)
  An orc wizard (Elf:3)
  A river rat (Lair:5)
  2 ball lightnings (Lair:2)
  11 fungi
  35 plants
59 creatures vanquished.

Grand Total: 1492 creatures vanquished

Notes
Turn   | Place    | Note
--------------------------------------------------------------
     0 | D:1      | ShittyPlayer the Demonspawn Berserker began the quest for the Orb.
     0 | D:1      | Reached XP level 1. HP: 18/18 MP: 1/1
   132 | D:1      | Reached skill level 3 in Axes
   203 | D:1      | Gained mutation: You are partially covered in yellow scales (AC +2). [demonic ancestry]
   203 | D:1      | Reached XP level 2. HP: 16/24 MP: 2/2
   707 | D:1      | Reached ** piety under Trog
   882 | D:2      | Reached XP level 3. HP: 27/29 MP: 3/3
  1325 | D:2      | Reached skill level 4 in Axes
  2040 | D:3      | Gained mutation: You are mostly covered in yellow scales (AC +3). [demonic ancestry]
  2040 | D:3      | Reached XP level 4. HP: 33/35 MP: 4/4
  2082 | D:3      | Reached skill level 5 in Axes
  2120 | D:3      | Found a glowing golden altar of the Shining One.
  2160 | D:3      | Noticed Natasha
  2166 | D:3      | Killed Natasha
  2166 | D:3      | Gained mutation: You have a pair of small horns on your head. [demonic ancestry]
  2166 | D:3      | Reached XP level 5. HP: 39/41 MP: 5/5
  2225 | D:3      | Noticed Natasha
  2229 | D:3      | Killed Natasha
  2621 | D:3      | Reached *** piety under Trog
  2908 | D:4      | Reached skill level 6 in Axes
  2944 | D:4      | Reached XP level 6. HP: 47/47 MP: 6/6
  2954 | D:4      | Found a radiant altar of Vehumet.
  2989 | D:4      | Found a staircase to the Ecumenical Temple.
  3193 | D:4      | Found Ekhluc's Antique Armour Shop.
  3206 | D:4      | Found a snail-covered altar of Cheibriados.
  3237 | D:4      | Noticed a rust devil
  3341 | D:4      | Noticed an angel
  3593 | D:5      | Entered Level 5 of the Dungeon
  3825 | D:5      | Reached **** piety under Trog
  3825 | D:5      | Reached skill level 7 in Axes
  3883 | D:5      | Gained mutation: You sometimes gain a little power by taking damage. [demonic ancestry]
  3883 | D:5      | Reached XP level 7. HP: 52/52 MP: 7/7
  3892 | D:5      | Found an ancient bone altar of Kikubaaqudgha.
  3982 | D:5      | Reached skill level 8 in Axes
  4427 | D:5      | Reached XP level 8. HP: 57/60 MP: 8/8
  4639 | D:6      | Found a shattered altar of Ashenzari.
  4918 | D:6      | Found a sacrificial altar of Ru.
  4987 | D:6      | Found an iron altar of Okawaru.
  5094 | D:6      | Reached skill level 5 in Fighting
  5173 | D:6      | Reached ***** piety under Trog
  5227 | D:6      | Reached skill level 9 in Axes
  5363 | D:6      | Received a gift from Trog
  5600 | D:6      | Noticed Natasha
  5613 | D:6      | Killed Natasha
  5657 | D:6      | Gained mutation: You are immune to rotting. [demonic ancestry]
  5657 | D:6      | Reached XP level 9. HP: 34/68 MP: 9/9
  5807 | D:7      | Reached skill level 5 in Armour
  5941 | D:7      | Noticed a troll
  5947 | D:7      | Killed a troll
  6058 | D:7      | Received a gift from Trog
  6608 | D:8      | Reached skill level 10 in Axes
  6615 | D:8      | Found a shadowy altar of Dithmenos.
  6619 | D:8      | Found an oddly glowing altar of Pakellas.
  6619 | D:8      | Found a glowing golden altar of the Shining One.
  6623 | D:8      | Found a shimmering altar of Xom.
  6650 | D:8      | Found a bloodstained altar of Trog.
  6726 | D:8      | Found Dentep's Armour Shop.
  6733 | D:8      | Bought the cursed +0 pair of gloves of Luekenni {rElec rPois Regen+ Str+4} for 421 gold pieces
  6911 | D:8      | Found a white marble altar of Elyvilon.
  7045 | D:9      | Found a sparkling altar of Nemelex Xobeh.
  7311 | D:9      | Gained mutation: You may emit foul miasma when damaged in melee. [demonic ancestry]
  7311 | D:9      | Reached XP level 10. HP: 79/79 MP: 10/10
  7529 | D:9      | Found a burning altar of Makhleb.
  7762 | D:9      | Reached skill level 11 in Axes
  7829 | D:10     | Entered Level 10 of the Dungeon
  7977 | D:10     | Found a staircase to the Lair.
  8106 | D:10     | Reached skill level 12 in Axes
  8238 | D:10     | Noticed a hill giant
  8243 | D:10     | Killed a hill giant
  8287 | D:10     | Gained mutation: You are clumsy. (Dex -2) [potion of mutation]
  8287 | D:10     | Gained mutation: You have sharp toenails. [potion of mutation]
  8287 | D:10     | Gained mutation: Scrolls take you a little longer to read. [potion of mutation]
  8294 | D:10     | Lost mutation: You are clumsy. (Dex -2) [potion of cure mutation]
  8294 | D:10     | Lost mutation: You have sharp toenails. [potion of cure mutation]
  8294 | D:10     | Lost mutation: Scrolls take you a little longer to read. [potion of cure mutation]
  8424 | D:10     | Received a gift from Trog
  8497 | D:10     | Noticed a hill giant
  8503 | D:10     | Killed a hill giant
  8570 | Lair:1   | Entered Level 1 of the Lair of Beasts
  8684 | Lair:1   | Reached skill level 13 in Axes
  8857 | Lair:1   | Noticed a black mamba
  8869 | Lair:1   | Killed a black mamba
  8869 | Lair:1   | Reached ****** piety under Trog
  8869 | Lair:1   | Reached XP level 11. HP: 82/84 MP: 11/11
  9093 | Lair:1   | Noticed Fannar
  9112 | Lair:1   | Killed Fannar
  9311 | Lair:1   | Noticed an oklob plant
  9332 | Lair:1   | Noticed an oklob plant
  9627 | Lair:2   | Reached skill level 14 in Axes
  9683 | Lair:2   | Noticed ololoev's ghost (journeyman FeAE)
  9720 | Lair:2   | Killed ololoev's ghost
 10122 | Lair:3   | Noticed an eight-headed hydra
 10123 | Lair:3   | Identified a +0 rod of inaccuracy (11/11) (You found it on level 2 of the Lair of Beasts)
 10126 | Lair:3   | Killed an eight-headed hydra
 10235 | Lair:3   | Noticed a death yak
 10253 | Lair:3   | Killed a death yak
 10253 | Lair:3   | Reached skill level 15 in Axes
 10582 | Lair:3   | Gained mutation: You have a pair of horns on your head. [demonic ancestry]
 10582 | Lair:3   | Reached XP level 12. HP: 57/91 MP: 12/12
 10651 | Lair:3   | Received a gift from Trog
 10784 | Lair:3   | Got a smoking giant spiked club
 10785 | Lair:3   | Identified the +7 giant spiked club of the Eleven Wars {flame, MR+++ Int+8 Dex-2} (You found it on level 3 of the Lair of Beasts)
 10886 | Lair:3   | Gained mutation: You are robust (+10% HP). [potion of beneficial mutation]
 11655 | Lair:4   | Reached skill level 16 in Axes
 12029 | Lair:5   | Found a staircase to the Shoals.
 12128 | Lair:5   | Reached skill level 17 in Axes
 12241 | Lair:5   | Noticed Josephine
 12253 | Lair:5   | Killed Josephine
 12333 | Lair:5   | Noticed a four-headed hydra
 12341 | Lair:5   | Killed a four-headed hydra
 12709 | Lair:6   | Gained mutation: You sometimes gain power by taking damage. [demonic ancestry]
 12709 | Lair:6   | Reached XP level 13. HP: 103/105 MP: 13/13
 13121 | Lair:6   | Gained mutation: You have large cloven feet. [potion of beneficial mutation]
 13262 | Lair:6   | Found a hole to the Spider Nest.
 13659 | Lair:7   | Reached skill level 18 in Axes
 13856 | Lair:7   | Received a gift from Trog
 13859 | Lair:7   | Got a dazzling hand axe {god gift}
 13860 | Lair:7   | Identified the +10 hand axe of Trog's Generosity {drain, +Rage rPois Int-4 Dex+7} (Trog gifted it to you on level 7 of the Lair of Beasts)
 13963 | Lair:7   | You fall through a shaft!
 13963 | Lair:8   | Entered Level 8 of the Lair of Beasts
 14029 | Lair:8   | Found a viscous altar of Jiyva.
 14029 | Lair:8   | Found a staircase to the Slime Pits.
 14218 | Lair:8   | Reached skill level 19 in Axes
 14491 | Lair:8   | Received a gift from Trog
 14788 | Lair:8   | Gained mutation: You have a pair of large horns on your head. [demonic ancestry]
 14788 | Lair:8   | Reached XP level 14. HP: 88/113 MP: 14/14
 14800 | Lair:8   | Found a runed door.
 15256 | Lair:8   | Received a gift from Trog
 15329 | Lair:7   | Reached skill level 20 in Axes
 16602 | D:12     | Found a flagged portal.
 16624 | Bailey   | Entered a bailey
 16756 | Bailey   | Received a gift from Trog
 17029 | D:12     | Noticed Erolcha
 17037 | D:12     | Killed Erolcha
 17067 | D:12     | Found a staircase to the Orcish Mines.
 17247 | D:12     | Noticed Maud
 17261 | D:12     | Killed Maud
 17428 | D:12     | Received a gift from Trog
 17604 | Orc:1    | Entered Level 1 of the Orcish Mines
 17611 | Orc:1    | Noticed Nergalle
 17622 | Orc:1    | Killed Nergalle
 18133 | Orc:2    | Entered Level 2 of the Orcish Mines
 18139 | Orc:2    | Received a gift from Trog
 18151 | Orc:2    | Got a brightly glowing great sword {god gift}
 18152 | Orc:2    | Identified the +5 great sword "Grim Tooth" {slice, +Blink +Rage MR+++ Dex-2} (Trog gifted it to you on level 2 of the Orcish Mines)
 18235 | Orc:2    | Found Ufrogul's Jewellery Boutique.
 18296 | Orc:2    | Noticed an orc warlord
 18304 | Orc:2    | Reached XP level 15. HP: 73/123 MP: 15/15
 18311 | Orc:2    | Reached XP level 16. HP: 63/132 MP: 16/16
 18400 | Orc:2    | Noticed Blork the orc
 18411 | Orc:2    | Found a roughly hewn altar of Beogh.
 18413 | Orc:2    | Killed Blork the orc
 18455 | Orc:2    | Found Isialaat's Jewellery Emporium.
 18544 | Orc:2    | Found a staircase to the Elven Halls.
 18767 | Orc:2    | Found Juus's Antique Armour Emporium.
 18774 | Orc:2    | Bought a glowing cloak for 148 gold pieces
 18784 | Orc:2    | Bought a glowing cloak for 148 gold pieces
 18819 | Orc:2    | Found Wuijogg's Antique Weapon Emporium.
 18835 | Orc:2    | Found Ugoematig's General Store.
 19269 | D:13     | Received a gift from Trog
 19327 | D:13     | Reached skill level 21 in Axes
 19412 | D:13     | Gained mutation: You are clumsy. (Dex -2) [potion of mutation]
 19412 | D:13     | Gained mutation: You possess an exceptional clarity of mind. [potion of mutation]
 19412 | D:13     | Gained mutation: Scrolls take you a little longer to read. [potion of mutation]
 19419 | D:13     | Found a gate to the Vaults.
 19926 | D:14     | Found a blossoming altar of Fedhas.
 20427 | D:15     | Entered Level 15 of the Dungeon
 20437 | D:15     | Noticed Roxanne
 20497 | D:15     | Reached skill level 10 in Fighting
 20686 | D:15     | Noticed Urug
 20694 | D:15     | Killed Urug
 21089 | D:15     | Found a staircase to the Depths.
 21438 | Spider:1 | Entered Level 1 of the Spider Nest
 21628 | Spider:1 | Found a frozen archway.
 21644 | Spider:1 | Received a gift from Trog
 21694 | IceCv    | Entered an ice cave
 22515 | IceCv    | Identified a +2 pair of boots of running (You found it in an ice cave)
 22865 | Spider:1 | Reached skill level 10 in Armour
 22878 | Spider:1 | Reached XP level 17. HP: 80/144 MP: 17/17
 22879 | Spider:1 | Received a gift from Trog
 23609 | Spider:2 | Reached skill level 22 in Axes
 23947 | Spider:2 | Noticed Arachne
 23973 | Spider:2 | Killed Arachne
 24048 | Spider:2 | Received a gift from Trog
 24415 | Spider:2 | Identified a scroll of acquirement
 24941 | Spider:3 | Noticed Nikola
 24951 | Spider:3 | Killed Nikola
 24998 | Spider:3 | Received a gift from Trog
 25617 | Spider:4 | Entered Level 4 of the Spider Nest
 25786 | Spider:4 | Lost mutation: You are clumsy. (Dex -2) [potion of cure mutation]
 25786 | Spider:4 | Lost mutation: You possess an exceptional clarity of mind. [potion of cure mutation]
 25786 | Spider:4 | Lost mutation: You are robust (+10% HP). [potion of cure mutation]
 25786 | Spider:4 | Lost mutation: Scrolls take you a little longer to read. [potion of cure mutation]
 25786 | Spider:4 | Lost mutation: You have large cloven feet. [potion of cure mutation]
 25787 | Spider:4 | Gained mutation: You passively map a small area around you. [potion of mutation]
 25787 | Spider:4 | Gained mutation: You have large cloven feet. [potion of mutation]
 25787 | Spider:4 | Gained mutation: Your body sometimes deteriorates upon taking damage. [potion of mutation]
 26087 | Spider:4 | Received a gift from Trog
 26129 | Spider:4 | Gained mutation: You are powered by pain. [demonic ancestry]
 26129 | Spider:4 | Reached XP level 18. HP: 135/142 MP: 0/18
 26145 | Spider:4 | Got a gossamer rune of Zot
 26728 | Elf:1    | Entered Level 1 of the Elven Halls
 27363 | Elf:1    | Identified the Volume of Necromancy
 27457 | Elf:1    | Reached skill level 23 in Axes
 27915 | Elf:2    | Received a gift from Trog
 27938 | Elf:2    | Noticed Norris
 27941 | Elf:2    | Noticed Azrael
 27948 | Elf:2    | Killed Azrael
 27956 | Elf:2    | Killed Norris
 28126 | Elf:2    | Found Jyppaoss's Distillery.
 28145 | Elf:2    | Bought a potion of heal wounds for 75 gold pieces
 28145 | Elf:2    | Bought a potion of heal wounds for 75 gold pieces
 28390 | Elf:2    | Found a radiant altar of Vehumet.
 28500 | Elf:2    | Found a runed door.
 28527 | Elf:2    | Found a runed door.
 28556 | Elf:2    | Found a portal to a secret trove of treasure.
 28862 | Elf:2    | Noticed Donald
 28885 | Elf:2    | Killed Donald
 29230 | Elf:3    | Entered Level 3 of the Elven Halls
 29263 | Elf:3    | Received a gift from Trog
 29309 | Elf:3    | Reached XP level 19. HP: 110/151 MP: 19/19
 29503 | Elf:3    | Found a huge runed gate.
 29503 | Elf:3    | Found a huge runed gate.
 29503 | Elf:3    | Found a huge runed gate.
 29503 | Elf:3    | Found a huge runed gate.
 29503 | Elf:3    | Found a huge runed gate.
 29514 | Elf:3    | Found a huge runed gate.
 29514 | Elf:3    | Found a huge runed gate.
 29516 | Elf:3    | Found a huge runed gate.
 29662 | Elf:3    | HP: 7/152 [deep elf master archer/arrow (26)]
 29664 | Elf:3    | HP: 1/152 [deep elf master archer/arrow (20)]
 29664 | Elf:3    | Shot with an arrow by a deep elf master archer

Vault maps used:
D:1:      saegor_arrival_simple_c
D:2:      grunt_ministairs_10
D:3:      first_bread, roderic_lattice_a, dk_vineyard_2,
          nicolae_tso_swordbearing_angel, uniq_natasha
D:4:      vehumet_crystals, cheibriados_altar_wand_db, temple_garden,
          serial_shops, shop, minmay_stone_trees_small
D:5:      black_bear_nest_1, kiku_gazebo_pond_becter, st_stairs_13
D:6:      minmay_goblin_kobold_castle, ashenzari_conservatory_becter,
          kennysheep_little_box, nicolae_ru_awakened_eye
D:7:      kb_rosetta
D:8:      grunt_temple_overflow_open, nicolae_overflow_hidden_temple,
          serial_shops, nicolae_shop_temple_entry_statues_fountains, basic_altar
D:9:      nemelex_xobeh_ov_fountains_minmay, lemuel_round_altar
D:10:     dpeg_oklobed_lair
D:11:     nicolae_water_bricks
D:12:     orc_0_dummy, enter_bailey_3, uniq_erolcha, uniq_maud
D:13:     david_vaults_2, serial_ice, serial_ice_m, serial_ice_a, serial_ice_c,
          serial_ice_f, serial_ice_l, serial_ice_e
D:14:     grunt_decor_arrowhead, basic_altar
D:15:     grunt_enter_depths_hoard, minmay_misc_feat_iff, uniq_urug,
          uniq_roxanne
Lair:1:   minmay_lair_oklob_tunnel, uniq_fannar
Lair:2:   grunt_megastairs_3
Lair:4:   grunt_megastairs_2
Lair:5:   elwin_shoals_entry_stream, beast_lair_carwin_10, uniq_josephine
Lair:6:   spider_nest_entry_funnel_web, minmay_holes
Lair:7:   serial_bayou_lagoon_a, bh_autumn_forest_stairs, serial_bayou_shore_b
Lair:8:   hangedman_lair_tendril_chambers, wormcave, slime_altar_1
Spider:1: portal_ice_cave_entry_ugly_swarm, guppyfry_spider_mini_1
Spider:2: uniq_arachne
Spider:3: uniq_nikola
Spider:4: grunt_spider_rune_circles
Orc:1:    uniq_nergalle
Orc:2:    grunt_orc_cross, serial_shops, nicolae_shop_crystal
Elf:1:    serial_sigils, serial_sigils_hangedman_scar,
          serial_sigils_hangedman_gnaw, serial_sigils_hangedman_gut,
          serial_sigils_hangedman_gut, minmay_elf_necromancy
Elf:2:    nicolae_trove_entry_diagonal, basic_altar, serial_shops,
          nicolae_shop_statue_plus, minmay_misc_feat_cross, uniq_donald,
          uniq_azrael, uniq_norris
Elf:3:    minmay_elf_hall_quartered_circle, door_vault, basic_stair_grate_trap
Bailey:   bailey_polearm_5, bailey
IceCv:    ice_cave_caverns_01

Skill      XL: |  1  2  3  4  5  6  7  8  9 10 11 12 13 14 15 16 17 18 19 |
---------------+----------------------------------------------------------+-----
Axes           | 3 4 5 6 7 8 9 10 13 15 17 19 20 21 22 23 | 23.8
Armour         | 2 4 6 7 8 10 11 12 | 12.8
Fighting       | 5 7 8 9 11 12 13 14 | 14.0
Dodging        | |  1.7

Action                   |  1- 3 |  4- 6 |  7- 9 | 10-12 | 13-15 | 16-18 | 19-21 || total
-------------------------+-------+-------+-------+-------+-------+-------+-------++-------
Melee: Hand axe          |   132 |   217 |   533 |    16 |       |       |       ||   898
       Battleaxe         |       |       |       |   711 |    86 |       |       ||   797
       Executioner's axe |       |       |       |     6 |   620 |  1195 |    53 ||  1874
Invok: Berserk           |     1 |     4 |     9 |     8 |    12 |     4 |     1 ||    39
       Trog's Hand       |       |     1 |       |       |     1 |     6 |     1 ||     9
       Brothers in Arms  |       |       |       |     1 |       |     5 |     3 ||     9
Evoke: Rod               |       |       |       |     6 |       |       |       ||     6
       Wand              |       |       |       |     4 |       |     2 |       ||     6
  Use: Scroll            |     3 |     1 |     1 |    14 |    13 |     6 |     1 ||    39
       Potion            |       |       |     3 |    13 |     3 |     9 |     4 ||    32
 Stab: Sleeping          |     2 |       |       |       |       |       |       ||     2
  Eat: Chunk             |     5 |    10 |    11 |    17 |    24 |     8 |     3 ||    78
       Bread ration      |       |       |     2 |     2 |     4 |     8 |       ||    16
       Pizza             |       |       |       |     1 |       |       |       ||     1
       Beef jerky        |       |       |       |     1 |       |       |       ||     1
